 Dungeon Crawl Stone Soup version 0.28.0 (webtiles) character file.

Game seed: 15769387148826030425

417 hikkokomori the Skirmisher (level 7, -5/58 HPs)
             Began as a Formicid Fighter on Feb 9, 2022.
             Slain by a lemure (7 damage)
             ... led by Pikel
             ... on level 4 of the Dungeon.
             The game lasted 00:04:31 (3564 turns).

hikkokomori the Skirmisher (Formicid Fighter)       Turns: 3564, Time: 00:04:31

Health: -5/58      AC:  8    Str: 29    XL:     7   Next: 15%
Magic:  9/16       EV:  9    Int:  7    God:
Gold:   193        SH:  4    Dex: 10    Spells: 4/6 levels left

rFire   + . .      SeeInvis +   a - +0 quarterstaff
rCold   . . .      Faith    .   c - +0 buckler
rNeg    . . .      Spirit   .   n - +2 scale mail {rF+}
rPois   .          Reflect  .   (helmet unavailable)
rElec   .          Harm     .   (no cloak)
rCorr   .          Rampage  .   (no gloves)
Will    .....                   (no boots)
Stlth   ..........              (no amulet)
HPRegen 0.19/turn               i - +6 ring of strength
MPRegen 0.15/turn               q - ring of magical power

@: mighty
A: permanent stasis, dig shafts and tunnels, antennae 3, four strong arms
a: Dig, Shaft Self


You were on level 4 of the Dungeon.
You visited 1 branch of the dungeon, and saw 4 of its levels.

You collected 193 gold pieces.

Inventory:

Hand Weapons
 a - a +0 quarterstaff (weapon)
Armour
 b - a +0 scale mail
 c - a +0 buckler (worn)
 m - a +0 chain mail
 n - a +2 scale mail of fire resistance (worn)
Jewellery
 i - a +6 ring of strength (left hand)
 q - a ring of magical power (right hand)
Scrolls
 f - 3 scrolls of teleportation {unknown}
 g - a scroll of fog {unknown}
 j - 2 scrolls of acquirement {unknown}
 k - a scroll of fear {unknown}
 p - a scroll of identify {unknown}
Potions
 e - a potion of heal wounds {unknown}
 h - a potion of curing
 l - 2 potions of mutation {unknown}
 o - a potion of brilliance {unknown}


   Skills:
 + Level 6.2 Fighting
 + Level 5.1 Staves
 - Level 3.2 Armour
 - Level 3.6 Shields
 + Level 1.1 Transmutations


You had 4 spell levels left.
You knew the following spells:

 Your Spells              Type           Power      Damage    Failure   Level
a - Wereblood             Tmut           1%         N/A       75%         2

Your spell library contained the following spells:

 Spells                   Type           Power      Damage    Failure   Level
 Beastly Appendage        Tmut           2%         N/A       61%         1
 Spider Form              Tmut/Pois      0%         N/A       96%         3
 Fireball                 Conj/Fire      0%         3d3       100%        5
 Iskenderun's Battlesphe  Conj           0%         2d6       100%        5
 Conjure Ball Lightning   Conj/Air       0%         3x3d6     100%        6
 Orb of Destruction       Conj           0%         9d5       100%        7


Dungeon Overview and Level Annotations

Branches:
Dungeon (4/15)
 Temple: D:4-7

Altars:
Trog

Annotations:
D:4 Pikel


Innate Abilities, Weirdness & Mutations

You cannot be hasted, slowed, berserked, paralysed or teleported.
You can dig through walls and to a lower floor.
You have a pair of large antennae on your head. (SInv)
Your four strong arms can wield two-handed weapons with a shield.


Message History

You closely miss Pikel.
Pikel is heavily wounded.
Pikel hits you with a +2 whip of flaming.
You block the lemure's attack.
You closely miss Pikel.
Pikel is heavily wounded.
The lemure hits you but does no damage.
Pikel hits you with a +2 whip of flaming.
The lemure hits you. The lemure hits you but does no damage.
You barely miss Pikel.
Pikel is heavily wounded.
You block Pikel's attack. You block the lemure's attack.
The lemure hits you but does no damage.
You barely miss Pikel.
Pikel is heavily wounded.
Pikel hits you with a +2 whip of flaming!
Pikel burns you.
The lemure hits you but does no damage. x2
You barely miss Pikel.
Pikel is heavily wounded.
You block Pikel's attack. The lemure hits you!
The lemure hits you but does no damage.
You miss Pikel.
Pikel is heavily wounded.
Pikel cracks his whip.
You block Pikel's attack. The lemure hits you. x2
Pikel hits you with a +2 whip of flaming!
* * * LOW HITPOINT WARNING * * *
You barely miss Pikel.
Pikel is heavily wounded.
The lemure barely misses you. The lemure hits you but does no damage.
Pikel hits you with a +2 whip of flaming.
* * * LOW HITPOINT WARNING * * *
Pikel burns you.
* * * LOW HITPOINT WARNING * * *
You hit Pikel.
Pikel is heavily wounded.
The lemure barely misses you. The lemure hits you.
* * * LOW HITPOINT WARNING * * *
Pikel closely misses you. The lemure hits you!
You die...

####.###.##...#
##..#......(....#.#
#.....##.###.####.#
#...####.# #.###รท<.
##........###.....##
..........###....#
#.#.###..........#
#.#5###.......##...
#.@55.)............
###K5....[....##.#.
#..#........##..#
#.........(.....
#..............
#.#.###.#######
#.... .# #.#.. .#


You could see Pikel and 4 lemures.

Vanquished Creatures
  Sigmund (D:3)
  2 scorpions (D:4)
  Terence (D:3)
  Robin (D:3)
  3 adders
  A worm (D:2)
  2 dart slugs
  7 orcs (D:3)
  8 endoplasms
  15 goblins
  6 hobgoblins (D:3)
  4 jackals (D:1)
  7 kobolds
  2 quokkas
  3 bats (D:3)
  A frilled lizard (D:3)
  2 rats
66 creatures vanquished.

Notes
Turn   | Place    | Note
-------+----------+-------------------------------------------
     0 | D:1      | hikkokomori the Formicid Fighter began the quest for the
                  | Orb.
     0 | D:1      | Reached XP level 1. HP: 18/18 MP: 1/1
   442 | D:1      | Found a faded altar of an unknown god.
   759 | D:1      | Reached XP level 2. HP: 24/24 MP: 2/2
  1245 | D:2      | Reached XP level 3. HP: 30/30 MP: 3/3
  1252 | D:2      | Found a bloodstained altar of Trog.
  1484 | D:2      | Reached skill level 4 in Fighting
  1965 | D:3      | Noticed Terence
  1972 | D:3      | Killed Terence
  1973 | D:3      | Reached XP level 4. HP: 15/38 MP: 4/4
  1976 | D:3      | Noticed Sigmund
  1986 | D:3      | Killed Sigmund
  1987 | D:3      | Reached skill level 5 in Fighting
  1987 | D:3      | Reached XP level 5. HP: 17/44 MP: 5/5
  1987 | D:3      | Reached XP level 6. HP: 20/51 MP: 6/6
  2581 | D:3      | Noticed Robin
  2586 | D:3      | Killed Robin
  3111 | D:4      | Learned a level 2 spell: Wereblood
  3115 | D:4      | Reached skill level 6 in Fighting
  3147 | D:4      | Reached skill level 5 in Staves
  3270 | D:4      | Reached skill level 1 in Transmutations
  3270 | D:4      | Reached XP level 7. HP: 41/58 MP: 7/7
  3549 | D:4      | Noticed Pikel
  3564 | D:4      | HP: 2/58 [lemure[Pikel] (5)]
  3564 | D:4      | Slain by a lemure

Illustrated notes

Levels and vault maps discovered:
D:1:      minmay_arrival_four_houses, layout_loops_corners,
          shapermc_ecumenical_altar_ellora
D:2:      layout_basic, basic_altar, lemuel_old_faithful
D:3:      layout_loops_ring, nrook_mini_backslash, uniq_terence, uniq_robin,
          uniq_sigmund
D:4:      minmay_diamond_boxcup, layout_loops_cross, uniq_menkaure, uniq_ijyb,
          uniq_pikel

Skill      XL: |  1  2  3  4  5  6 |
---------------+-------------------+-----
Fighting       | 4 5 6 |  6.2
Staves         | 3 4 5 |  5.1
Transmutations | 1 |  1.1
Armour         | |  3.2
Shields        | |  3.6

Action                   |  1- 3 |  4- 6 |  7- 9 || total
-------------------------+-------+-------+-------++-------
Melee: Quarterstaff      |    61 |   107 |    28 ||   196
  Use: Potion            |       |     1 |     1 ||     2
Armor: Scale mail        |    20 |     7 |    12 ||    39
       Chain mail        |       |    36 |       ||    36
Dodge: Dodged            |    18 |    30 |     9 ||    57
Block: Buckler           |     6 |    24 |    10 ||    40
